cohdb
Replays
Latest Replays
All Replays
Popular Replays
Top Player Replays
Match Explorer
How It Works
Community
CoH3 Stats
Reddit
Sign in to upload your games and track your stats! →
Sign in with Steam
Match 38670003
Unlisted
Match 38670003
Overview
Messages
Build Orders
End
Construct Barracks
Selects Armored Battlegroup
Selects Assault Engineers
Riflemen Squad
Riflemen Squad
Assault Engineer Squad
Grenade Package
Infantry Support Center
Riflemen Squad
M1918 Browning Automatic Rifles
Assault Engineer Squad
Construct Medical Station
Riflemen Squad
Selects Strength in Steel
Construct Tank Depot
Selects Seek and Destroy
Selects UNKNOWN (2160077)
M4A3E8 Sherman Easy Eight
HeavenWarrior
Honey
khj
creator555
동동구리
UwU
The Governor
Deadpool
0
0
Comments
sign in to comment!
No comments posted yet!